 Dungeon Sprint DCSS version 0.25-a0-513-ge77a69270c (webtiles) character file.

Game seed: 6390759515708102619, levelgen mode: deterministic

15559 MordorOrchid the Spry (level 12, -3/106 HPs)
             Began as a Minotaur Venom Mage on Feb 16, 2020.
             Was the Champion of Sif Muna.
             Slain by a catoblepas (4 damage)
             ... while petrified by you
             ... in the Dungeon (Sprint IX: "|||||||||||||||||||||||||||||").
             The game lasted 00:34:35 (1933 turns).

MordorOrchid the Spry (Minotaur Venom Mage)         Turns: 1933, Time: 00:34:36

Health: -3/106     AC:  9    Str: 17    XL:     12   Next: 2%
Magic:  24/24      EV:  2    Int: 16    God:    Sif Muna [******]
Gold:   29         SH:  0    Dex: 11    Spells: 4/29 levels left

rFire    . . .     SeeInvis .   x - staff of energy
rCold    . . .     Gourm    .   h - +2 buckler {rPois}
rNeg     + + +     Faith    .   B - +2 robe {Archmagi}
rPois    ∞         Spirit   .   (helmet restricted)
rElec    .         Reflect  .   P - +1 cloak
rCorr    .         Harm     .   r - +0 pair of gloves
MR       .....     NoTele   +   (no boots)
Stlth    ++........             (no amulet)
HPRegen  0.27/turn              t - +2 ring of protection
MPRegen  0.19/turn              u - +3 ring of strength

@: petrified
A: retaliatory headbutt, horns 2
a: Channel Magic, Forget Spell, Divine Exegesis, Renounce Religion


You were in the Dungeon.
You worshipped Sif Muna.
Sif Muna was exalted by your worship.
You were not hungry.

You visited 1 branch You collected 1925 gold pieces.
You spent 1896 gold pieces at shops.

Inventory:

Hand Weapons
 j - a +0 club
 q - a +2 scimitar of flaming
 y - a +4 rapier of electrocution
 I - a +4 scimitar of flaming
Missiles
 K - 4 throwing nets (quivered)
Armour
 h - a +2 buckler of poison resistance (worn)
 r - a +0 pair of gloves (worn)
 B - a +2 robe of the Archmagi (worn)
 J - a +2 robe of magic resistance
 O - +0 swamp dragon scales
 P - a +1 cloak (worn)
Magical Staves
 w - an uncursed staff of summoning
 x - an uncursed staff of energy (weapon)
Jewellery
 t - a +2 ring of protection (left hand)
 u - a +3 ring of strength (right hand)
 L - an uncursed ring of protection from fire
 M - an uncursed ring of fire
 N - an uncursed ring of see invisible
Wands
 n - a wand of acid (6)
 H - a wand of paralysis (7)
Scrolls
 a - a scroll of enchant armour
 i - 5 scrolls of blinking
 l - 4 scrolls of remove curse
 m - 2 scrolls of amnesia
 o - 6 scrolls of fear
 E - 3 scrolls of fog
 F - a scroll of immolation
 G - a scroll of identify
Potions
 b - a potion of haste
 d - 8 potions of curing
 e - 6 potions of heal wounds
 f - a potion of agility
 g - 4 potions of magic
 v - 4 potions of berserk rage
 A - 2 potions of mutation
Miscellaneous
 C - a lamp of fire
 D - a lightning rod (4/4)
Comestibles
 c - 16 rations
 z - 3 chunks of flesh


   Skills:
 - Level 10.2 Fighting
 + Level 6.8 Short Blades
 - Level 15.6 Dodging
 - Level 1.5 Stealth
 - Level 5.1 Shields
 - Level 9.1 Spellcasting
 - Level 6.0 Conjurations
 * Level 7.6 Necromancy
 - Level 4.4 Transmutations
 - Level 2.1 Fire Magic
 - Level 4.0 Air Magic
 * Level 7.4 Earth Magic
 - Level 7.5 Poison Magic
 - Level 5.0 Invocations
 - Level 7.2 Evocations


You had 4 spell levels left.
You knew the following spells:

 Your Spells              Type           Power        Failure   Level  Hunger
a - Sting                 Tmut/Pois      ####         1%          1    None
b - Olgreb's Toxic Radia  Pois           #####...     4%          4    None
d - Ignite Poison         Fire/Tmut/Pois ####....     4%          3    None
f - Stone Arrow           Conj/Erth      #####.       1%          3    None
g - Mephitic Cloud        Conj/Pois/Air  #####...     2%          3    None
p - Poisonous Vapours     Pois/Air       #####.       1%          2    None
u - Animate Skeleton      Necr           N/A          1%          1    None
v - Vampiric Draining     Necr           #####.....   1%          3    None
E - Borgnjor's Vile Clut  Necr/Erth      #####.....   13%         5    None

Your spell library contained the following spells:

 Spells                   Type           Power        Failure   Level  Hunger
 Magic Dart               Conj           ####         1%          1    None
 Pain                     Necr           ####         1%          1    None
 Corpse Rot               Necr/Air       N/A          1%          2    None
 Passwall                 Tmut/Erth      #####...     1%          2    None
 Spider Form              Tmut/Pois      #####.....   2%          3    None
 Animate Dead             Necr           N/A          4%          4    None
 Petrify                  Tmut/Erth      #####...     9%          4    None
 Fulminant Prism          Conj/Hex       ####......   28%         4    None
 Tukima's Dance           Hex            ##......     30%         3    None
 Agony                    Necr           #####...     12%         5    None
 Alistair's Intoxication  Tmut/Pois      #####...     24%         5    None
 Irradiate                Conj/Tmut      #####.....   32%         5    None
 Blade Hands              Tmut           ####......   41%         5    None
 Fireball                 Conj/Fire      ####......   45%         5    None
 Silence                  Hex/Air        ###.......   77%         5    None
 Eringya's Noxious Bog    Tmut/Pois      #####.....   78%         6    None
 Aura of Abjuration       Summ           ##........   95%         5    None
 Metabolic Englaciation   Hex/Ice        ##........   95%         5    None
 Starburst                Conj/Fire      ####......   96%         6    None
 Darkness                 Hex            ##........   100%        6    None
 Monstrous Menagerie      Summ           ##........   100%        7    None
 Summon Hydra             Summ           ##........   100%        7    None
 Chain Lightning          Conj/Air       #####.....   100%        8    None
 Lehudib's Crystal Spear  Conj/Erth      #####.....   100%        8    None


Dungeon Overview and Level Annotations

Branches:
Dungeon (1/1)

Altars:
Cheibriados
Dithmenos
Elyvilon
Fedhas
Gozag
Hepliaklqana
Kikubaaqudgha
Makhleb
Nemelex Xobeh
Okawaru
Qazlal
Ru
Sif Muna
Trog
Uskayaw
Vehumet
Wu Jian
Xom
Yredelemnul
Zin
The Shining One
Beogh
Jiyva
Lugonu

Shops:
D }%?}


Innate Abilities, Weirdness & Mutations

You reflexively headbutt those who attack you in melee.
You have a pair of horns on your head.


Message History

Unknown command.
You are engulfed in calcifying dust.
You are slowing down.
You see here a +0 scale mail.
Unknown command.
Your limbs are stiffening.
Unknown command.
You have turned to stone.
You feel less invigorated.
The catoblepas breathes a plume of calcifying dust at you.
The blast of calcifying dust hits you but does no damage.
You are engulfed in calcifying dust. x3
The catoblepas gores you!!
* * * LOW HITPOINT WARNING * * *
The catoblepas breathes a plume of calcifying dust at you.
The blast of calcifying dust hits you but does no damage.
You are engulfed in calcifying dust.
The catoblepas gores you!!
* * * LOW HITPOINT WARNING * * *
You are engulfed in calcifying dust.
The catoblepas gores you!
You die...

,*,*,*,*,*,*,*,▓Y▓Z▓.▓.▓'▓.▓_▓
,*,*,*,*,*,*,*,▓)▓Z▓.▓.▓.▓.▓_▓
,*,*,*,*,*,*,*,▓[▓Z▓)▓.▓÷▓.▓_▓
,*,*,*,*,*,*,*,▓[▓.▓.▓.▓÷▓.▓_▓
,*,*,*,*,*,*,*,▓[▓.▓)▓.▓.▓.▓_▓
,*,*,*,*,*,*,*,▓:▓.▓.▓.▓.▓.▓_▓
,*,*,*,*,*,*+*,▓[▓Z▓.▓.▓.▓.▓_▓
,*,*,*,*,*,*,*,▓Y▓Z▓.▓.▓.▓.▓_▓
,*,*,*,*,*,*,*,▓@▓Z▓.▓.▓.▓.▓_▓
,*,*,*,*,*,*,*,▓)▓Z▓.▓.▓÷▓.▓_▓
+*,*,*,*,*,*,*,▓)▓Z▓.▓.▓'▓.▓_▓
,*,*,*,*,*,*,*,▓§▓.▓)▓.▓.▓.▓_▓
,*,*,*,*,*,*,*,▓§▓.▓)▓.▓.▓.▓_▓
,*,*,*,*,*,*,*,▓)▓Z▓)▓.▓.▓.▓_▓
,*,*,*,*+*,*,*,▓)▓Z▓)▓.▓.▓.▓_▓
,*,*,*,*,*,*,*,▓)▓Z▓)▓.▓÷▓.▓'▓
,*,*,*,*,*,*+*,▓)▓Z▓)▓.▓)▓.▓.▓


You could see a catoblepas.

Vanquished Creatures
  Harold (D)
  Erolcha (D)
  A hydra (D)
  7 orc high priests (D)
  A tengu warrior (D)
  2 orc knights (D)
  An orc sorcerer (D)
  An elephant (D)
  2 spiny frogs (D)
  4 komodo dragons (D)
  A troll (D)
  2 tyrant leeches (D)
  A hippogriff (D)
  2 blink frogs (D)
  A yak (D)
  2 basilisks (D)
  3 vampire mosquitoes (D)
  A hungry ghost (D)
  3 water moccasins (D)
  10 orc warriors (D)
  2 porcupines (D)
  An ogre (D)
  2 centaurs (D)
  3 crocodiles (D)
  3 bullfrogs (D)
  2 jellies (D)
  7 orc priests (D)
  7 orc wizards (D)
  A worker ant (D)
  2 adders (D)
  A leopard gecko (D)
  6 orcs (D)
  4 goblins (D)
  A bat (D)
  A giant cockroach zombie (D)
  A quokka zombie (D)
91 creatures vanquished.

Vanquished Creatures (collateral kills)
  Erica (D)
1 creature vanquished.

Vanquished Creatures (others)
  A hydra (D)
  An ogre (D)
2 creatures vanquished.

Grand Total: 94 creatures vanquished

Notes
Turn   | Place    | Note
-------+----------+-------------------------------------------
     0 | D        | MordorOrchid the Minotaur Venom Mage began the quest for
                  | the Orb.
     0 | D        | Reached XP level 1. HP: 14/14 MP: 1/1
     8 | D        | Reached skill level 1 in Fighting
   115 | D        | Noticed a worker ant
   121 | D        | Killed a worker ant
   121 | D        | Reached skill level 1 in Transmutations
   121 | D        | Reached XP level 2. HP: 27/27 MP: 0/4
   131 | D        | Reached XP level 3. HP: 33/33 MP: 0/6
   173 | D        | Found a roughly hewn altar of Beogh.
   173 | D        | Found a snail-covered altar of Cheibriados.
   173 | D        | Found a shadowy altar of Dithmenos.
   173 | D        | Found a white marble altar of Elyvilon.
   173 | D        | Found a blossoming altar of Fedhas.
   173 | D        | Found an opulent altar of Gozag.
   174 | D        | Found a hazy altar of Hepliaklqana.
   175 | D        | Found a viscous altar of Jiyva.
   176 | D        | Found an ancient bone altar of Kikubaaqudgha.
   177 | D        | Found a corrupted altar of Lugonu.
   178 | D        | Found a burning altar of Makhleb.
   179 | D        | Found a sparkling altar of Nemelex Xobeh.
   180 | D        | Found an iron altar of Okawaru.
   181 | D        | Found a stormy altar of Qazlal.
   182 | D        | Found a sacrificial altar of Ru.
   183 | D        | Found a shimmering blue altar of Sif Muna.
   184 | D        | Found a bloodstained altar of Trog.
   185 | D        | Found a hide-covered altar of Uskayaw.
   186 | D        | Found a radiant altar of Vehumet.
   187 | D        | Found an ornate altar of the Wu Jian Council.
   188 | D        | Found a shimmering altar of Xom.
   189 | D        | Found a basalt altar of Yredelemnul.
   190 | D        | Found a glowing silver altar of Zin.
   191 | D        | Found a glowing golden altar of the Shining One.
   193 | D        | Became a worshipper of Sif Muna the Loreminder
   235 | D        | Learned a level 3 spell: Mephitic Cloud
   238 | D        | Learned a level 2 spell: Poisonous Vapours
   295 | D        | Noticed a hungry ghost
   295 | D        | Noticed a water moccasin
   295 | D        | Noticed a centaur
   295 | D        | Noticed an ogre
   295 | D        | Noticed an ogre
   301 | D        | Killed an ogre
   301 | D        | Reached skill level 1 in Conjurations
   301 | D        | Reached skill level 1 in Air Magic
   301 | D        | Reached XP level 4. HP: 41/41 MP: 6/8
   301 | D        | Reached XP level 5. HP: 47/47 MP: 6/9
   302 | D        | Killed an ogre
   306 | D        | Killed a centaur
   306 | D        | Reached * piety under Sif Muna
   307 | D        | Killed a water moccasin
   307 | D        | Reached XP level 6. HP: 40/55 MP: 4/11
   308 | D        | Killed a hungry ghost
   317 | D        | Noticed a tengu warrior
   317 | D        | Noticed a troll
   320 | D        | Reached ** piety under Sif Muna
   320 | D        | Reached skill level 5 in Fighting
   320 | D        | Reached skill level 5 in Poison Magic
   320 | D        | Reached skill level 1 in Invocations
   320 | D        | Reached XP level 7. HP: 36/61 MP: 5/12
   324 | D        | HP: 3/61 [troll (11)]
   328 | D        | Killed a troll
   330 | D        | Reached skill level 5 in Spellcasting
   335 | D        | Killed a tengu warrior
   335 | D        | Reached *** piety under Sif Muna
   335 | D        | Reached skill level 5 in Conjurations
   335 | D        | Reached skill level 5 in Invocations
   335 | D        | Reached XP level 8. HP: 16/68 MP: 6/15
   459 | D        | Learned a level 4 spell: Olgreb's Toxic Radiance
   463 | D        | Learned a level 3 spell: Ignite Poison
   592 | D        | Noticed a komodo dragon
   592 | D        | Noticed a komodo dragon
   592 | D        | Noticed a komodo dragon
   592 | D        | Noticed a spiny frog
   592 | D        | Noticed a spiny frog
   594 | D        | Killed a spiny frog
   594 | D        | Reached skill level 1 in Short Blades
   594 | D        | Reached skill level 3 in Dodging
   594 | D        | Reached skill level 1 in Fire Magic
   594 | D        | Killed a komodo dragon
   594 | D        | Reached skill level 4 in Dodging
   596 | D        | Killed a spiny frog
   596 | D        | Reached **** piety under Sif Muna
   596 | D        | Reached skill level 5 in Dodging
   596 | D        | Reached XP level 9. HP: 49/74 MP: 15/17
   610 | D        | Killed a komodo dragon
   610 | D        | Reached skill level 6 in Dodging
   614 | D        | Killed a komodo dragon
   614 | D        | Reached skill level 7 in Dodging
   619 | D        | Reached skill level 8 in Dodging
   672 | D        | Reached ***** piety under Sif Muna
   672 | D        | Identified Sif Muna's Handbook of the Arsonist and Attacks
                  | (Sif Muna gifted it to you in the Dungeon)
   672 | D        | Received a gift from Sif Muna
   707 | D        | Learned a level 3 spell: Stone Arrow
   835 | D        | Noticed an elephant
   841 | D        | Reached skill level 1 in Earth Magic
   847 | D        | Killed an elephant
   847 | D        | Reached skill level 5 in Short Blades
   847 | D        | Reached skill level 9 in Dodging
   849 | D        | Noticed a komodo dragon
   850 | D        | Reached XP level 10. HP: 83/83 MP: 7/21
   852 | D        | Identified Sif Muna's Tome of Poison and Sinister Rituals
                  | (Sif Muna gifted it to you in the Dungeon)
   852 | D        | Received a gift from Sif Muna
   911 | D        | Learned a level 5 spell: Borgnjor's Vile Clutch
   933 | D        | Reached skill level 1 in Necromancy
   941 | D        | Reached skill level 10 in Dodging
   947 | D        | Identified Sif Muna's Collected Works on the Oath (Sif Muna
                  | gifted it to you in the Dungeon)
   947 | D        | Received a gift from Sif Muna
  1105 | D        | Noticed an orc knight
  1114 | D        | Killed an orc knight
  1117 | D        | Noticed an orc knight
  1119 | D        | Identified Sif Muna's Catalogue of Harmful Air (Sif Muna
                  | gifted it to you in the Dungeon)
  1119 | D        | Received a gift from Sif Muna
  1140 | D        | Killed an orc knight
  1302 | D        | Noticed an orc sorcerer
  1308 | D        | Reached skill level 5 in Earth Magic
  1312 | D        | Killed an orc sorcerer
  1312 | D        | Reached ****** piety under Sif Muna
  1312 | D        | Reached skill level 11 in Dodging
  1314 | D        | Received a gift from Sif Muna
  1325 | D        | Learned a level 1 spell: Animate Skeleton
  1334 | D        | Reached XP level 11. HP: 91/97 MP: 1/23
  1468 | D        | Found Ypheg's Gadget Boutique.
  1468 | D        | Noticed an orc high priest
  1468 | D        | Noticed an orc high priest
  1473 | D        | Killed an orc high priest
  1473 | D        | Identified Mnoleg's Papyrus of Companions (Sif Muna gifted
                  | it to you in the Dungeon)
  1473 | D        | Received a gift from Sif Muna
  1473 | D        | Noticed an orc high priest
  1474 | D        | Killed an orc high priest
  1474 | D        | Reached skill level 10 in Fighting
  1474 | D        | Reached skill level 5 in Necromancy
  1477 | D        | Noticed a sun demon
  1477 | D        | Noticed a sixfirhy
  1482 | D        | Killed an orc high priest
  1482 | D        | Reached skill level 12 in Dodging
  1483 | D        | Noticed an orc high priest
  1499 | D        | Noticed a sixfirhy
  1506 | D        | Killed an orc high priest
  1546 | D        | Found Cailap's Magic Scroll Shop.
  1552 | D        | Found Lyl Sicve's Food Boutique.
  1558 | D        | Found Tovveck's Gadget Shop.
  1566 | D        | Learned a level 3 spell: Vampiric Draining
  1566 | D        | Noticed an orc high priest
  1567 | D        | Noticed an orc high priest
  1568 | D        | Noticed an orc high priest
  1571 | D        | Killed an orc high priest
  1571 | D        | Reached skill level 13 in Dodging
  1573 | D        | Killed an orc high priest
  1575 | D        | Noticed a sun demon
  1575 | D        | Killed an orc high priest
  1575 | D        | Identified Sif Muna's Almanac of Shape Shifting (Sif Muna
                  | gifted it to you in the Dungeon)
  1575 | D        | Received a gift from Sif Muna
  1636 | D        | Bought a lamp of fire for 560 gold pieces
  1636 | D        | Bought a lightning rod (4/4) for 560 gold pieces
  1638 | D        | Bought a scroll of blinking for 97 gold pieces
  1638 | D        | Bought 2 scrolls of fog for 52 gold pieces
  1638 | D        | Bought a scroll of fear for 45 gold pieces
  1638 | D        | Bought a scroll of fear for 45 gold pieces
  1638 | D        | Bought a scroll of fear for 45 gold pieces
  1638 | D        | Bought a scroll of magic mapping for 45 gold pieces
  1639 | D        | Bought a scroll of immolation for 45 gold pieces
  1639 | D        | Bought a scroll of identify for 26 gold pieces
  1649 | D        | Bought a wand of paralysis (7) for 126 gold pieces
  1653 | D        | Bought a ration for 50 gold pieces
  1653 | D        | Bought a ration for 50 gold pieces
  1653 | D        | Bought a ration for 50 gold pieces
  1653 | D        | Bought a ration for 50 gold pieces
  1653 | D        | Bought a ration for 50 gold pieces
  1678 | D        | Noticed Erolcha
  1679 | D        | Paralysed by Erolcha for 6 turns
  1692 | D        | Killed Erolcha
  1692 | D        | Reached skill level 14 in Dodging
  1716 | D        | Noticed Erica
  1725 | D        | Killed Erica
  1745 | D        | Noticed Harold
  1751 | D        | Killed Harold
  1751 | D        | Reached skill level 15 in Dodging
  1881 | D        | Noticed a catoblepas
  1881 | D        | Noticed an eight-headed hydra
  1881 | D        | Noticed a five-headed hydra
  1894 | D        | Killed a five-headed hydra
  1894 | D        | Reached skill level 5 in Shields
  1908 | D        | Killed a five-headed hydra
  1908 | D        | Reached XP level 12. HP: 28/106 MP: 2/24
  1919 | D        | Identified Sif Muna's Guide on Dislocated Boosts (Sif Muna
                  | gifted it to you in the Dungeon)
  1919 | D        | Received a gift from Sif Muna
  1932 | D        | HP: 1/106 [catoblepas (14)]
  1933 | D        | Slain by a catoblepas

Levels and vault maps discovered:
D:        linesprint [early_d, line_temple, items_1, d_10, items_2, lair_1,
          lair_end, items_3, orc_1, orc_end, items_4, d_15, swamp_1, shoals_1,
          snake_1, spider_1, d_20, vaults_1, items_5, swamp_end, shoals_end,
          snake_end, spider_end, vaults_end, d_27, items_6, zot_1, zot_end,
          crypt_end, forest_end, elf_end, slime_end, tomb_end, abyss_end,
          pan_hell_end]

Skill      XL: |  1  2  3  4  5  6  7  8  9 10 11 |
---------------+----------------------------------+-----
Fighting       | 3 4 5 6 9 10 | 10.2
Spellcasting   | 2 3 4 5 6 8 9 |  9.1
Transmutations | 1 2 3 4 |  4.4
Poison Magic   | 3 4 5 7 |  7.5
Conjurations   | 1 3 5 6 |  6.0
Air Magic      | 1 3 4 |  4.0
Evocations     | 2 4 7 |  7.2
Invocations    | 1 5 |  5.0
Short Blades   | 4 5 6 |  6.8
Dodging        | 5 9 11 15 | 15.6
Fire Magic     | 2 |  2.1
Earth Magic    | 2 5 7 |  7.4
Necromancy     | 4 7 |  7.6
Shields        | 5 |  5.1
Stealth        | |  1.5

Action                   |  1- 3 |  4- 6 |  7- 9 | 10-12 || total
-------------------------+-------+-------+-------+-------++-------
Melee: Unarmed           |    12 |       |       |       ||    12
       Headbutt          |     8 |       |     3 |     9 ||    20
       Club              |    19 |       |       |       ||    19
       Rapier            |     4 |     6 |    27 |    42 ||    79
       Scimitar          |       |       |       |     4 ||     4
 Cast: Sting             |     7 |       |     4 |    17 ||    28
       Mephitic Cloud    |       |     1 |     8 |    24 ||    33
       Ignite Poison     |       |       |     6 |    28 ||    34
       Olgreb's Toxic Ra |       |       |     1 |    14 ||    15
       Poisonous Vapours |       |       |     1 |     4 ||     5
       Animate Skeleton  |       |       |       |    19 ||    19
Invok: Channel Magic     |       |       |       |     4 ||     4
Evoke: Wand              |       |     1 |     3 |       ||     4
       Staff of energy   |       |       |    13 |    54 ||    67
  Use: Potion            |     2 |       |     2 |       ||     4
       Scroll            |       |       |     2 |     2 ||     4
 Stab: Sleeping          |       |     1 |     1 |       ||     2
       Invisible         |       |     1 |       |       ||     1
       Confused          |       |       |       |     4 ||     4
  Eat: Chunk             |       |       |     1 |     8 ||     9
Armor: Robe              |    10 |       |     6 |     9 ||    25
Dodge: Dodged            |    17 |     2 |    24 |    33 ||    76
Block: Buckler           |       |       |       |     6 ||     6
       Rpst.: Scimitar   |       |       |       |     1 ||     1

Table legend:
 A = Non-vault XP
 B = Vault XP
 C = Vault XP percentage of total XP
 D = Non-vault monster count
 E = Vault monster count
 F = Vault count percentage of total count
                 A         B        C        D         E       F
            +---------+---------+-------+---------+---------+-------
      Total |       0 |   22228 | 100.0 |       0 |      93 | 100.0
            +---------+---------+-------+---------+---------+-------
          D |       0 |   22228 | 100.0 |       0 |      93 | 100.0
            +---------+---------+-------+---------+---------+-------
